 Dungeon Crawl Stone Soup version 0.31-a0-744-gbc345e7fcb (webtiles) character file.

Game seed: 6148696399199981612

231 GordonOverkill the Sneak (level 5, -3/28 HPs)
             Began as a Spriggan Delver on Sept 13, 2023.
             Shot with a sling bullet by an orc (19 damage)
             ... on level 3 of the Dungeon.
             The game lasted 00:09:06 (2951 turns).

GordonOverkill the Sneak (Spriggan Delver)          Turns: 2951, Time: 00:09:07

Health: -3/28      AC:  2    Str:  8    XL:     5   Next: 72%
Magic:  10/10      EV: 17    Int: 14    God:
Gold:   185        SH:  0    Dex: 19    Spells: 9/10 levels left

rFire   . . .        u - +6 spear of Ancient Evil {freeze, Dex+3}
rCold   . . .        (no shield)
rNeg    . . .        b - +0 robe
rPois   .            (helmet restricted)
rElec   .            (no cloak)
rCorr   .            (gloves unavailable)
SInv    +            (boots unavailable)
Will    .....        (no amulet)
Stlth   ++++         (no ring)
HPRegen 0.24/turn    (no ring)
MPRegen 0.12/turn

%: no passive effects
@: very quick
A: very small, no large weapons, unfitting armour, see invisible, speed 3
a: no special abilities


You were on level 3 of the Dungeon.
You visited 1 branch of the dungeon, and saw 6 of its levels.

You collected 185 gold pieces.

Inventory:

Hand Weapons
 u - the +6 spear of Ancient Evil (weapon) {freeze, Dex+3}
   (You found it on level 2 of the Dungeon)

   Dex+3:     It affects your dexterity (+3).
Armour
 b - a +0 robe (worn)
 r - an orb of light
Wands
 g - a wand of digging (3)
 i - a wand of acid (11)
 x - a wand of paralysis (8)
Scrolls
 c - a scroll of fog
 d - 3 scrolls of revelation
 e - 2 scrolls of fear
 l - a scroll of blinking {unknown}
 m - 2 scrolls of immolation {unknown}
 n - a scroll of identify {unknown}
 p - a scroll of enchant armour {unknown}
 q - a scroll of poison {unknown}
 s - a scroll of teleportation {unknown}
 v - a scroll of enchant weapon {unknown}
 w - a scroll of noise {unknown}
Potions
 a - a potion of lignification {unknown}
 f - 2 potions of haste
 h - a potion of invisibility {unknown}
 j - 2 potions of mutation {unknown}
 k - a potion of enlightenment {unknown}
 o - 2 potions of heal wounds {unknown}
 t - a potion of attraction {unknown}


   Skills:
 - Level 3.0 Fighting
 - Level 2.1 Short Blades
 - Level 2.6 Dodging
 - Level 7.2 Stealth
 - Level 3.0 Spellcasting
 - Level 2.0 Conjurations
 + Level 2.2 Fire Magic
 - Level 2.0 Evocations


You had 9 spell levels left.
You knew the following spells:

 Your Spells              Type           Power      Damage    Failure   Level
a - Foxfire               Conj/Fire      32%        2x1d5     9%          1

Your spell library contained the following spells:

 Spells                   Type           Power      Damage    Failure   Level
 Cigotuvi's Dreadful Rot  Necr/Pois/Air  4%         N/A       32%         2
 Ignite Poison            Fire/Tmut/Pois 4%         N/A       43%         3
 Freezing Cloud           Conj/Ice/Air   1%         6-21      99%         5
 Plasma Beam              Fire/Air       2%         2x1d12    100%        6
 Starburst                Conj/Fire      4%         6d3       100%        6


Dungeon Overview and Level Annotations

Branches:
Dungeon (6/15)
 Temple: D:4-7

Altars:
Cheibriados
Xom
Zin
The Shining One

Annotations:
D:3 Talonman3's ghost, amateur GnRe
D:5 exclusions: adder, jelly and orc


Innate Abilities, Weirdness & Mutations

You are very small and have problems with some larger weapons.
You are too small for most types of armour.
You have supernaturally acute eyesight. (SInv)
You cover ground extremely quickly. (Speed+++)


Message History

You hit the orc. You freeze the orc.
The orc is severely wounded.
The orc closely misses you.
You hit the orc. You freeze the orc.
You kill the orc!
You hit the orc. You freeze the orc.
The orc is heavily wounded.
The orc barely misses you. The orc completely misses you.
You hit the orc. You freeze the orc.
You kill the orc!
You closely miss the orc. The orc hits you with a +0 dagger.
You hit the orc. You freeze the orc.
The orc is moderately wounded.
The orc completely misses you.
You hit the orc. You freeze the orc.
The orc is severely wounded.
The orc hits you with a +0 dagger.
You barely miss the orc.
The orc is severely wounded.
The orc closely misses you.
You hit the orc but do no damage.
The orc is severely wounded.
The orc barely misses you.
You barely miss the orc.
The orc is severely wounded.
The orc misses you.
You hit the orc. You freeze the orc.
You kill the orc!
The orc shoots a sling bullet.
The sling bullet hits you.
The orc shouts!
Items here: ))) [[ ††.
You are too injured to fight recklessly!
You are too injured to fight recklessly!
You are too injured to fight recklessly!
You are too injured to fight recklessly!
The orc shoots a sling bullet.
The sling bullet hits you.
* * * LOW HITPOINT WARNING * * *
You are electrocuted!!
Ouch! That really hurt!
You die...

#####..######............##..
#..####.......(.o...8.##.
##.#....##....)......).##
###.#.#####...............
#.....................####
###........#..[....#####..
#.#....<###.....## #.).#
#.#......###.#######....
#.#....@..##............
#..........oo...........
#8......)......8).......
#######'''######........
###.............#........
#.#....#####....###...†..
##.#.###.....###.#........
##..#.#8#..8..#8#.###.#....
###..##.............#...#....


You could see 2 orcs.

Vanquished Creatures
  A howler monkey (D:3)
  Ijyb (D:3)
  A sleepcap (D:3)
  Terence (D:3)
  4 adders
  An ufetubus (D:4)
  A worm (D:2)
  2 dart slugs
  5 orcs (D:3)
  3 endoplasms
  3 giant cockroaches
  3 goblins
  3 hobgoblins
  9 jackals
  3 kobolds
  2 quokkas
  3 ball pythons
  8 bats
  2 frilled lizards
  7 rats
63 creatures vanquished.

Vanquished Creatures (others)
  66 foxfires
66 creatures vanquished.

Grand Total: 129 creatures vanquished

Notes
Turn   | Place    | Note
-------+----------+-------------------------------------------
     0 | D:5      | GordonOverkill the Spriggan Delver began the quest for the
                  | Orb.
     0 | D:5      | Reached XP level 1. HP: 11/11 MP: 2/2
    26 | D:5      | Noticed a jelly
    79 | D:6      | Reached XP level 2. HP: 16/16 MP: 3/3
    83 | D:6      | Found a snail-covered altar of Cheibriados.
   515 | D:3      | Noticed Talonman3's ghost (amateur GnRe)
   515 | D:3      | Found a runed translucent gate.
   515 | D:3      | Found a runed translucent gate.
   515 | D:3      | Found a runed translucent gate.
   523 | D:3      | Identified the +4 sling "Bala" {elec, rC+}
   523 | D:3      | Identified the +6 leather armour "Neilem" {rN+ MP+9 SInv}
   691 | D:1      | Reached skill level 1 in Spellcasting
   707 | D:1      | Reached XP level 3. HP: 20/20 MP: 5/5
  1193 | D:1      | Learned a level 1 spell: Foxfire
  1428 | D:2      | Identified the +6 spear of Ancient Evil {freeze, Dex+3}
  1467 | D:2      | Found a faded altar of an unknown god.
  1603 | D:2      | Found a shimmering altar of Xom.
  1610 | D:2      | Reached XP level 4. HP: 24/24 MP: 9/9
  1795 | D:3      | Noticed Ijyb
  1804 | D:3      | Paralysed by Ijyb for 5 turns
  1821 | D:2      | Identified the +4 falchion "Lehebbeq" {freeze, Dex+3}
  1949 | D:3      | Noticed Terence
  1964 | D:3      | Killed Terence
  1965 | D:3      | Reached skill level 1 in Conjurations
  2037 | D:3      | Killed Ijyb
  2038 | D:3      | Reached XP level 5. HP: 24/28 MP: 2/10
  2156 | D:3      | Reached skill level 1 in Fire Magic
  2610 | D:3      | Found a glowing silver altar of Zin.
  2678 | D:3      | Found a faded altar of an unknown god.
  2683 | D:3      | Found a glowing golden altar of the Shining One.
  2951 | D:3      | Shot with a sling bullet by an orc

Illustrated notes

Levels and vault maps discovered:
D:1:      nzn_arrival_water_spiral, layout_rooms, serial_glass, glass_columns_a,
          glass_columns_c
D:2:      layout_loops_ring, basic_altar, basic_ecumenical_altar
D:3:      layout_rooms, zin_treasury, nicolae_overflow_ecumenical_swirl,
          biasface_ghost_orc_armoury, uniq_ijyb, uniq_terence
D:4:      layout_gridville, nicolae_gozag_cash_rules_everything_around_me
D:5:      layout_rooms, kennysheep_mini_moat, serial_curves, eino_curves_01,
          eino_curves_04
D:6:      layout_basic, grunt_temple_overflow_open, dk_yredelemnul_ordeal,
          cheibriados_altar_1, overflow_temple_1_default

Skill      XL: |  1  2  3  4  5 |
---------------+----------------+-----
Evocations     | 2 |  2.0
Fighting       | 3 |  3.0
Spellcasting   | 1 3 |  3.0
Conjurations   | 2 |  2.0
Fire Magic     | 2 |  2.2
Short Blades   | |  2.1
Dodging        | |  2.6
Stealth        | |  7.2

Action                     |  1- 3 |  4- 6 || total
---------------------------+-------+-------++-------
  Melee: Short sword       |   117 |       ||   117
         Spear             |     6 |    58 ||    64
   Cast: Foxfire           |     5 |    35 ||    40
   Stab: Sleeping          |    18 |     8 ||    26
 Armour: Robe              |    33 |    19 ||    52
  Dodge: Dodged            |   106 |    25 ||   131

Table legend: (Time is in decaauts)
 A = Elapsed time spent in this place.
 B = Non-inter-level travel time spent in this place.
 C = Inter-level travel time spent in this place.
 D = Time resting spent in this place.
 E = Time spent auto-exploring this place.
 F = Levels seen in this place.
 G = Mean time per level.
                   A        B        C        D        E       F      G
               +--------+--------+--------+--------+--------+-----+--------+
         Total |   2188 |   2143 |     45 |    638 |    614 |   6 |  364.7 |
       Dungeon |   2188 |   2143 |     45 |    638 |    614 |   6 |  364.7 |
               +--------+--------+--------+--------+--------+-----+--------+

Top non-repeatable levels by time:
     D:3: 890 daAuts
     D:2: 504 daAuts
     D:1: 445 daAuts
     D:4: 247 daAuts
     D:5: 78 daAuts
     D:6: 21 daAuts
